 Dungeon Crawl Stone Soup version 0.20-a0-830-g2c9a30d (webtiles) character file.

242 M4edhros the Chopper (level 5, -16/47 HPs)
             Began as a Minotaur Berserker on Mar 7, 2017.
             Was a Follower of Trog.
             Demolished by an orc warrior
             ... wielding a +0 halberd
              (19 damage)
             ... on level 8 of the Dungeon.
             The game lasted 00:01:39 (432 turns).

M4edhros the Chopper (Minotaur Berserker)            Turns: 432, Time: 00:01:40

Health: -16/47     AC:  9    Str: 22    XL:     5   Next: 82%
Magic:  4/4        EV:  9    Int:  4    God:    Trog [*.....]
Gold:   30         SH:  0    Dex: 10    Spells: 4/4 levels left

rFire    . . .     SeeInvis .   a - +0 hand axe
rCold    . . .     Gourm    .   h - +0 chain mail
rNeg     . . .     Faith    .   (no shield)
rPois    .         Spirit   .   (helmet restricted)
rElec    .         Reflect  .   (no cloak)
rCorr    .         Harm     .   (no gloves)
MR       .....                  (no boots)
Stlth    ..........             (no amulet)
Regen    0.2/turn               (no ring)
MPRegen  0.1/turn               (no ring)

@: exhausted
A: retaliatory headbutt, horns 2
a: Berserk, Burn Spellbooks, Renounce Religion


You were on level 8 of the Dungeon.
You worshipped Trog.
Trog was aware of your devotion.
You were not hungry.

You visited 1 branch of the dungeon, and saw 7 of its levels.

You collected 30 gold pieces.

Inventory:

Hand Weapons
 a - a +0 hand axe (weapon)
Armour
 b - a +0 animal skin
 h - a +0 chain mail (worn)
Scrolls
 e - a scroll of teleportation {unknown}
 g - a scroll of noise {unknown}
Potions
 j - a potion of mutation {unknown}
Comestibles
 c - a bread ration
 d - 3 meat rations
 f - a fruit


   Skills:
 + Level 4.7 Fighting
 * Level 5.9 Axes
 + Level 3.7 Armour
 + Level 3.6 Dodging


You had 4 spell levels left.
You didn't know any spells.

Dungeon Overview and Level Annotations

Branches:
Dungeon (6/15)               Lair (0/6) D:8
 Temple: D:4-7

Altars:

Annotations:
D:6 Dolanko's ghost, novice MfGl


Innate Abilities, Weirdness & Mutations

You reflexively headbutt those who attack you in melee.
You have a pair of horns on your head.


Message History

The orc warrior is lightly wounded.
You hit the orc warrior but do no damage.
The orc warrior is lightly wounded.
The orc warrior hits you with a halberd!!
* * * LOW HITPOINT WARNING * * *
The orc wizard gestures wildly while chanting.
The orc wizard flickers and vanishes!
Deactivating autopickup; reactivate with Ctrl-A.
You hit the orc warrior. Your headbutt misses the orc warrior.
The orc warrior is moderately wounded.
You are no longer berserk.
You are exhausted.
You feel yourself slow down. The orc warrior completely misses you.
Unknown command.
It was a potion of cancellation.
Your magical effects are unravelling.
You feel magically purged.
You feel yourself speed up.
The orc warrior hits you with a halberd!!
You die...

#...........##.##.#
#.......####
#...###.....##....#
#........... #...#
##########..#
#.....%.)... ##### #..#
###.........
#..#####...[....#
########...............#
.../......#####........#
...###...# #.........#
#@#.# #.###.###.#
#o#...... #.# #..
{####.... ..# ### oh
.... #### # .!. ..#
##### .... ..# #...#
$.>.. #...# ...... #....
........


You could see an orc warrior, a black bear and an orc priest.

Vanquished Creatures
  A warg (D:8)
  The ghost of M4edhros the Chopper, a weakling MiBe of Trog (D:3)
  An orc priest (D:8)
  An orc wizard (D:6)
  A dart slug (D:2)
  2 leopard geckos
  7 orcs
  3 jackals (D:8)
  A quokka (D:6)
  A frilled lizard (D:4)
  A leopard gecko zombie (D:8)
  A rat (D:3)
21 creatures vanquished.

Notes
Turn   | Place    | Note
-------+----------+-------------------------------------------
     0 | D:1      | M4edhros the Minotaur Berserker began the quest for the Orb.
     0 | D:1      | Reached XP level 1. HP: 19/19 MP: 0/0
   111 | D:3      | Noticed M4edhros's ghost (weakling MiBe)
   119 | D:3      | Killed M4edhros's ghost
   119 | D:3      | Reached skill level 4 in Axes
   119 | D:3      | Reached XP level 2. HP: 12/27 MP: 1/1
   119 | D:3      | Reached XP level 3. HP: 14/33 MP: 2/2
   229 | D:5      | Entered Level 5 of the Dungeon
   248 | D:6      | Reached XP level 4. HP: 34/40 MP: 3/3
   271 | D:6      | Noticed Dolanko's ghost (novice MfGl)
   293 | D:5      | You fall through a shaft for 3 floors!
   309 | D:8      | Reached skill level 5 in Axes
   416 | D:8      | Noticed a black bear
   417 | D:8      | Noticed a warg
   417 | D:8      | Found a staircase to the Lair.
   417 | D:8      | Noticed an orc warrior
   421 | D:8      | Noticed a warg
   426 | D:8      | Killed a warg
   426 | D:8      | Reached XP level 5. HP: 22/47 MP: 4/4
   430 | D:8      | HP: 3/70 [orc warrior/halberd (19)]
   432 | D:8      | Demolished by an orc warrior

Vault maps used:
D:1:      scummos_arrival_forest, serial_bayou_lagoon_a
D:2:      overflow_temple_1_default, lemuel_crystal_altar, first_bread,
          hangedman_feature_mirror, uniq_terence
D:3:      zin_statuary, trog_butcher_becter, uniq_sigmund, uniq_robin
D:4:      lemuel_coloured_pillars_altar, minmay_temple_entry_nine_rooms,
          uniq_blork_the_orc, uniq_grinder, uniq_duvessa
D:5:      basic_altar
D:6:      cheibriados_altar_1, lemuel_crystal_altar, serial_shops,
          kennysheep_little_box, shop, shop_statue, shop, basic_altar,
          nemelex_xobeh_ov_fountains_minmay
D:8:      erik_lair_orcish_takeover, nicolae_ossuary_entry_catacombs

Skill      XL: |  1  2  3  4 |
---------------+-------------+-----
Fighting       | 4 |  4.7
Axes           | 4 5 |  5.9
Armour         | 3 |  3.7
Dodging        | 3 |  3.6

Action                   |  1- 3 |  4- 6 || total
-------------------------+-------+-------++-------
Melee: Hand axe          |    23 |    30 ||    53
       Headbutt          |     5 |     5 ||    10
Invok: Berserk           |     2 |     1 ||     3
  Use: Potion            |       |     1 ||     1
 Stab: Sleeping          |     1 |       ||     1
  Eat: Royal jelly       |     1 |       ||     1
Armor: Animal skin       |     3 |       ||     3
       Chain mail        |       |    22 ||    22
Dodge: Dodged            |     7 |    15 ||    22
